 Dungeon Crawl Stone Soup version 0.31-a0-222-gefeffbb62a (webtiles) character file.

Game seed: 6600150243070555672

8771 qw the Skirmisher (level 11, -2/99 HPs)
             Began as a Minotaur Hexslinger on July 4, 2023.
             Was a Believer of Okawaru.
             Slain by an elephant (12 damage)
             ... on level 1 of the Lair of Beasts.
             The game lasted 00:04:49 (10731 turns).

qw the Skirmisher (Minotaur Hexslinger)            Turns: 10731, Time: 00:04:49

Health: -2/99      AC: 17    Str: 13    XL:     11   Next: 14%
Magic:  12/13      EV: 16    Int: 10    God:    Okawaru [**....]
Gold:   720        SH:  0    Dex: 17    Spells: 11/12 levels left

rFire   + . .        Y - +2 orcbow
rCold   + + .        (shield currently unavailable)
rNeg    . . .        d - +2 ring mail {rC+}
rPois   .            (helmet restricted)
rElec   .            o - scarf {rC+ rF+}
rCorr   +            j - +1 pair of gloves
SInv    .            b - +0 pair of boots
Will    .....        (no amulet)
Stlth   ++           g - +4 ring of protection
HPRegen 0.36/turn    k - ring of resist corrosion
MPRegen 0.13/turn

%: no passive effects
@: heroic
A: horns 2, retaliatory headbutt
a: Renounce Religion, Heroism


You were on level 1 of the Lair of Beasts.
You worshipped Okawaru.
Okawaru was pleased with you.
You visited 3 branches of the dungeon, and saw 12 of its levels.

You collected 1071 gold pieces.
You spent 351 gold pieces at shops.


Innate Abilities, Weirdness & Mutations

You have a pair of horns on your head.
You reflexively headbutt those who attack you in melee.


   Skills:
 - Level 10.0(15.0) Fighting
 + Level 14.1(19.1) Ranged Weapons
 - Level 5.4(10.4) Armour
 - Level 6.1(11.1) Dodging
 - Level 1.0 Spellcasting
 - Level 2.0 Hexes
 - Level 4.0 Invocations


You had 11 spell levels left.
You knew the following spells:

 Your Spells              Type           Power      Damage    Failure   Level
a - Slow                  Hex            16%        N/A       26%         1

Your spell library contained the following spells:

 Spells                   Type           Power      Damage    Failure   Level
 Inner Flame              Hex/Fire       2%         N/A       77%         3
 Portal Projectile        Hex/Tloc       4%         N/A       77%         3
 Cause Fear               Hex            2%         N/A       95%         4

Inventory:

Hand Weapons
 Y - a +2 orcbow (weapon)
Armour
 b - a +0 pair of boots (worn)
 d - a +2 ring mail of cold resistance (worn)
 e - a +3 leather armour
 j - a +1 pair of gloves (worn)
 o - a scarf of resistance (worn)
Jewellery
 g - a +4 ring of protection (left hand)
 k - a ring of resist corrosion (right hand)
Scrolls
 i - 3 scrolls of identify
Potions
 c - 4 potions of enlightenment
 f - a potion of curing
 h - 4 potions of mutation
 m - a potion of haste
 n - 4 potions of resistance
 p - a potion of cancellation

Dungeon Overview and Level Annotations

Branches:
Dungeon (10/15)            Temple (1/1) D:6            Lair (1/5) D:10
    Orc: D:9-12

Altars:
Ashenzari
Cheibriados
Dithmenos
Elyvilon
Fedhas
Gozag
Hepliaklqana
Kikubaaqudgha
Makhleb
Nemelex Xobeh
Okawaru
Qazlal
Ru
Sif Muna
Trog
Uskayaw
Vehumet
Wu Jian
Xom
Yredelemnul
Zin
The Shining One

Shops:
D:2 :   D:7 *


Message History

The arrow completely misses the elephant.
You shoot an arrow. The arrow barely misses the elephant.
You shoot an arrow.
The arrow hits the elephant but does no damage.
The elephant is moderately wounded.
You shoot an arrow. The arrow hits the elephant.
The elephant is moderately wounded.
You shoot an arrow.
The arrow hits the elephant but does no damage.
The elephant is moderately wounded.
The elephant completely misses you. You furiously retaliate!
You headbutt the elephant!
The elephant trunk-slaps you but does no damage.
You shoot an arrow.
The arrow hits the elephant but does no damage.
The elephant is heavily wounded.
The elephant barely misses you.
The elephant trunk-slaps you but does no damage.
You shoot an arrow. The arrow hits the elephant.
The elephant is heavily wounded.
You shoot an arrow. The arrow hits the elephant.
The elephant is severely wounded.
The elephant closely misses you. The elephant misses you.
You shoot an arrow. The arrow hits the elephant.
The elephant is severely wounded.
The elephant tramples you.
You hold your ground!
The elephant trunk-slaps you but does no damage.
You shoot an arrow.
The arrow hits the elephant but does no damage.
The elephant is severely wounded.
The elephant tramples you but does no damage.
The elephant trunk-slaps you but does no damage.
You shoot an arrow.
The arrow hits the elephant but does no damage.
The elephant is severely wounded.
You shoot an arrow.
The arrow hits the elephant but does no damage.
The elephant is severely wounded.
The elephant tramples you!
You die...

#..#.###.###.#
#..... #.. ...
#...#..#.# ##
#.#. #...####
#.#....#
##......#
.......Y#
#...@#
...$...........
.##....#####..>
##... #... P...
##... #...


You could see an elephant.

Vanquished Creatures
  A centaur warrior (D:10)
  Pikel (D:7)
  An oklob plant (D:9)
  2 elephants (Lair:1)
  Joseph (D:6)
  A cane toad (Lair:1)
  2 hornets
  Prince Ribbit (D:7)
  4 hogs (D:8)
  2 shadows (D:9)
  A human (D:8)
  A wyvern (D:10)
  A wraith (D:9)
  2 steam dragons
  An acid dragon (D:8)
  A water moccasin (Lair:1)
  An orc warrior (D:6)
  2 sky beasts
  A black bear (D:6)
  An ice beast (D:6)
  2 ogres (D:5)
  5 centaurs
  3 lemures (D:7)
  2 kobold brigands
  3 bullfrogs
  3 scorpions (D:5)
  8 wights
  5 killer bees (D:8)
  12 howler monkeys
  2 hounds
  5 orc priests
  A gnoll bouda (D:6)
  2 sleepcaps
  5 jellies
  6 iguanas
  8 orc wizards
  8 gnolls
  5 adders
  3 shadow imps
  A white imp (D:5)
  An ufetubus (D:4)
  4 worms
  3 dart slugs
  43 orcs
  3 endoplasms
  2 giant cockroaches
  A goblin (D:4)
  4 hobgoblins
  8 jackals
  4 quokkas
  9 ball pythons
  5 bats
  4 frilled lizards (D:2)
  17 kobolds
  7 rats
232 creatures vanquished.

Vanquished Creatures (others)
  A howler monkey (D:10)
1 creature vanquished.

Grand Total: 233 creatures vanquished

Notes
Turn   | Place    | Note
-------+----------+-------------------------------------------
     0 | D:1      | qw the Minotaur Hexslinger began the quest for the Orb.
     0 | D:1      | Reached XP level 1. HP: 16/16 MP: 1/1
     0 | D:1      | 0 ||| qw: Version: 0.3-a-46-gb1f654a
     0 | D:1      | 0 ||| qw: Game counter: 968
     0 | D:1      | 0 ||| qw: Melee chars always use a shield: true
     0 | D:1      | 0 ||| qw: God list: Okawaru
     0 | D:1      | 0 ||| qw: Allow faded altars: false
     0 | D:1      | 0 ||| qw: Do Orc after clearing Dungeon:15 true
     0 | D:1      | 0 ||| qw: Do second Lair branch before Depths: true
     0 | D:1      | 0 ||| qw: Lair rune preference: random
     0 | D:1      | 0 ||| qw: Goals: Normal
     0 | D:1      | 0 ||| PLANNING D:1-11
    21 | D:1      | 21 ||| FLEEEEING.
    22 | D:1      | 22 ||| FLEEEEING.
    23 | D:1      | 23 ||| FLEEEEING.
    24 | D:1      | 24 ||| FLEEEEING.
    25 | D:1      | 25 ||| FLEEEEING.
    26 | D:1      | 26 ||| FLEEEEING.
   148 | D:1      | Reached skill level 3 in Ranged Weapons
   176 | D:1      | Reached XP level 2. HP: 19/23 MP: 2/2
   301 | D:1      | Found a faded altar of an unknown god.
  1000 | D:1      | 1000 ||| UPGRADING to +0 ring mail.
  1010 | D:1      | 1010 ||| DROPPING +0 robe.
  1011 | D:1      | 1011 ||| UPGRADING to +4 ring of protection.
  1012 | D:1      | 1012 ||| READING 2 scrolls labelled JYHUEWN ROUTICZO.
  1013 | D:1      | 1013 ||| READING scroll labelled DUXUYPAKLU.
  1014 | D:1      | 1014 ||| READING scroll labelled YSHELIE HIHIMI.
  1018 | D:1      | 1018 ||| DROPPING scroll of fear.
  1019 | D:1      | 1019 ||| DROPPING scroll of poison.
  1137 | D:2      | Found Puxey's Book Emporium.
  1151 | D:2      | 1151 ||| READING scroll labelled TEP JUEMPIREVA.
  1268 | D:2      | Reached XP level 3. HP: 29/29 MP: 3/3
  1624 | D:2      | Reached skill level 4 in Ranged Weapons
  1764 | D:2      | 1764 ||| UPGRADING to ring of resist corrosion.
  1765 | D:2      | 1765 ||| READING scroll labelled WEVVOHUATHE.
  1766 | D:2      | 1766 ||| READING scroll labelled LIFAH ZAPTURPHI.
  1819 | D:3      | Reached skill level 1 in Armour
  1902 | D:3      | Reached XP level 4. HP: 27/36 MP: 4/4
  1914 | D:3      | HP: 9/36 [worm (2)]
  1918 | D:3      | HP: 3/36 [frozen (2)]
  2052 | D:3      | Reached skill level 5 in Ranged Weapons
  2491 | D:3      | Reached XP level 5. HP: 41/41 MP: 5/5
  2499 | D:3      | Reached skill level 3 in Fighting
  2545 | D:3      | 2545 ||| READING 4 scrolls of identify.
  2545 | D:3      | 2545 ||| IDENTIFYING yellow potion
  2546 | D:3      | 2546 ||| READING 3 scrolls of identify.
  2546 | D:3      | 2546 ||| IDENTIFYING golden potion
  2547 | D:3      | 2547 ||| READING 2 scrolls of identify.
  2547 | D:3      | 2547 ||| IDENTIFYING murky purple potion
  2548 | D:3      | 2548 ||| DROPPING potion of invisibility.
  2554 | D:4      | 2554 ||| PLANNING SEWER
  2723 | D:4      | Reached skill level 6 in Ranged Weapons
  2756 | D:4      | Reached XP level 6. HP: 45/51 MP: 6/6
  2941 | D:4      | Found a shimmering altar of Xom.
  3205 | D:4      | 3205 ||| RIP SEWER
  3243 | D:4      | 3243 ||| PLANNING D:1-11
  3340 | D:4      | 3340 ||| Stepping ~*~*~tactically~*~*~ (water).
  3352 | D:4      | 3352 ||| UPGRADING to scarf of resistance.
  3357 | D:4      | 3357 ||| READING scroll labelled MIOFATZ HEXTE.
  3358 | D:4      | 3358 ||| READING scroll labelled CYHOTEGIED.
  3358 | D:4      | Identified a scroll of acquirement
  3358 | D:4      | 3358 ||| ACQUIRING 563 gold pieces
  3358 | D:4      | Acquired 563 gold pieces
  3360 | D:4      | 3360 ||| DRINKING 2 gluggy clear potions.
  3361 | D:4      | 3361 ||| DRINKING 2 white potions.
  3393 | D:4      | 3393 ||| DROPPING potion of lignification.
  3437 | D:5      | Entered Level 5 of the Dungeon
  3460 | D:5      | Reached skill level 7 in Ranged Weapons
  3537 | D:5      | Reached XP level 7. HP: 57/59 MP: 7/7
  3565 | D:5      | Reached skill level 8 in Ranged Weapons
  3936 | D:5      | Reached skill level 9 in Ranged Weapons
  3936 | D:5      | Reached XP level 8. HP: 69/69 MP: 8/8
  4054 | D:5      | 4054 ||| UPGRADING to +0 pair of boots.
  4059 | D:5      | 4059 ||| READING scroll labelled XOETENIQY PUPUH.
  4143 | D:6      | HP: 17/69 [gnoll/+0 flail[a gnoll bouda] (11)]
  4144 | D:6      | 4144 ||| DRINKING potion of heal wounds.
  4274 | D:6      | Reached skill level 3 in Dodging
  4339 | D:6      | Found a staircase to the Ecumenical Temple.
  4340 | D:6      | 4340 ||| PLANNING TEMPLE
  4370 | D:6      | Reached skill level 6 in Fighting
  4471 | D:6      | 4471 ||| SWAPPING to +0 shortbow.
  4472 | D:6      | 4472 ||| DROPPING +2 sling of draining.
  4473 | D:6      | 4473 ||| READING scroll of enchant weapon.
  4473 | D:6      | 4473 ||| ENCHANTING +0 shortbow.
  4726 | D:6      | Reached skill level 10 in Ranged Weapons
  4731 | D:6      | 4731 ||| DRINKING 3 potions of curing.
  4731 | D:6      | 4731 ||| (to cure confusion)
  5142 | D:6      | 5142 ||| DRINKING 2 lumpy ruby potions.
  5143 | D:6      | 5143 ||| READING 2 scrolls of identify.
  5143 | D:6      | 5143 ||| IDENTIFYING grey potion
  5144 | D:6      | 5144 ||| DROPPING potion of magic.
  5152 | Temple   | Entered the Ecumenical Temple
  5153 | Temple   | 5153 ||| PLANNING OKAWARU WORSHIP
  5230 | Temple   | Became a worshipper of Warmaster Okawaru
  5231 | Temple   | 5231 ||| PLANNING D:1-11
  5429 | D:7      | Noticed a hornet
  5439 | D:7      | Killed a hornet
  5439 | D:7      | HP: 18/73 [poisoned by a hornet]
  5440 | D:7      | Reached XP level 9. HP: 20/79 MP: 9/9
  5444 | D:7      | HP: 12/79 [poisoned by a hornet]
  5745 | D:7      | HP: 16/76 [wight/+0 mace (5)]
  5746 | D:7      | 5746 ||| READING 2 scrolls of teleportation.
  5947 | D:7      | Noticed Joseph
  5949 | D:7      | 5949 ||| FLEEEEING.
  5953 | D:7      | 5953 ||| FLEEEEING.
  5954 | D:7      | 5954 ||| FLEEEEING.
  5958 | D:7      | 5958 ||| STAIRDANCE
  5989 | D:6      | 5989 ||| READING 3 scrolls of identify.
  5989 | D:6      | 5989 ||| IDENTIFYING cyan potion
  5990 | D:6      | 5990 ||| READING 2 scrolls of identify.
  5990 | D:6      | 5990 ||| IDENTIFYING sapphire potion
  5991 | D:6      | 5991 ||| DROPPING potion of brilliance.
  6002 | D:7      | 6002 ||| STAIRDANCE
  6069 | D:7      | 6069 ||| STAIRDANCE
  6133 | D:7      | 6133 ||| STAIRDANCE
  6194 | D:7      | 6194 ||| STAIRDANCE
  6258 | D:7      | 6258 ||| STAIRDANCE
  6311 | D:7      | 6311 ||| STAIRDANCE
  6382 | D:7      | 6382 ||| STAIRDANCE
  6421 | D:7      | 6421 ||| STAIRDANCE
  6449 | D:7      | 6449 ||| STAIRDANCE
  6451 | D:6      | Killed Joseph
  6451 | D:6      | Reached * piety under Okawaru
  6452 | D:6      | Reached skill level 11 in Ranged Weapons
  6554 | D:6      | 6554 ||| UPGRADING to +2 ring mail of cold resistance.
  6564 | D:6      | 6564 ||| DROPPING +0 ring mail.
  6654 | D:7      | Noticed Pikel
  6655 | D:7      | 6655 ||| INVOKING Heroism.
  6676 | D:7      | Killed Pikel
  6736 | D:7      | Noticed Prince Ribbit
  6737 | D:7      | 6737 ||| INVOKING Heroism.
  6745 | D:7      | Killed Prince Ribbit
  6746 | D:7      | Reached skill level 1 in Invocations
  6975 | D:7      | 6975 ||| SWAPPING to +0 orcbow.
  6976 | D:7      | 6976 ||| DROPPING +1 shortbow.
  7193 | D:7      | 7193 ||| FLEEEEING.
  7194 | D:7      | 7194 ||| FLEEEEING.
  7196 | D:7      | 7196 ||| FLEEEEING.
  7197 | D:7      | 7197 ||| FLEEEEING.
  7198 | D:7      | 7198 ||| FLEEEEING.
  7199 | D:7      | 7199 ||| FLEEEEING.
  7200 | D:7      | 7200 ||| FLEEEEING.
  7201 | D:7      | 7201 ||| FLEEEEING.
  7202 | D:7      | 7202 ||| FLEEEEING.
  7203 | D:7      | 7203 ||| FLEEEEING.
  7204 | D:7      | 7204 ||| FLEEEEING.
  7205 | D:7      | 7205 ||| FLEEEEING.
  7206 | D:7      | 7206 ||| FLEEEEING.
  7250 | D:7      | Found a stormy altar of Qazlal.
  7251 | D:7      | 7251 ||| UPGRADING to +1 pair of gloves.
  7368 | D:7      | Found Ihitriac's General Store.
  7373 | D:7      | 7373 ||| BUYING 2 potions of resistance (260 gold).
  7373 | D:7      | Bought 2 potions of resistance for 260 gold pieces
  7373 | D:7      | 7373 ||| BUYING potion of enlightenment (65 gold).
  7373 | D:7      | Bought a potion of enlightenment for 65 gold pieces
  7373 | D:7      | 7373 ||| BUYING scroll of identify (26 gold).
  7373 | D:7      | Bought a scroll of identify for 26 gold pieces
  7538 | D:7      | 7538 ||| DRINKING 2 black potions.
  7539 | D:7      | 7539 ||| READING 2 scrolls of identify.
  7539 | D:7      | 7539 ||| IDENTIFYING metallic emerald potion
  7540 | D:7      | 7540 ||| DROPPING potion of attraction.
  7694 | D:8      | 7694 ||| Stepping ~*~*~tactically~*~*~ (outnumbered).
  7695 | D:8      | 7695 ||| INVOKING Heroism.
  7807 | D:8      | Reached skill level 12 in Ranged Weapons
  7807 | D:8      | Reached skill level 3 in Invocations
  7851 | D:8      | 7851 ||| INVOKING Heroism.
  7887 | D:8      | Reached ** piety under Okawaru
  7888 | D:8      | 7888 ||| INVOKING Heroism.
  7900 | D:8      | Reached XP level 10. HP: 51/88 MP: 9/11
  7913 | D:8      | 7913 ||| DRINKING 2 potions of curing.
  7913 | D:8      | 7913 ||| (to cure confusion)
  7915 | D:8      | 7915 ||| INVOKING Heroism.
  7919 | D:8      | 7919 ||| DRINKING potion of curing.
  7919 | D:8      | 7919 ||| (to cure confusion)
  7937 | D:8      | 7937 ||| INVOKING Heroism.
  8318 | D:8      | 8318 ||| INVOKING Heroism.
  8337 | D:8      | 8337 ||| INVOKING Heroism.
  8734 | D:8      | 8734 ||| READING scroll labelled ROMICE USKOSE.
  8821 | D:9      | 8821 ||| Stepping ~*~*~tactically~*~*~ (outnumbered).
  8822 | D:9      | 8822 ||| Stepping ~*~*~tactically~*~*~ (outnumbered).
  8833 | D:9      | Reached skill level 13 in Ranged Weapons
  8933 | D:9      | Found a white marble altar of Elyvilon.
  8999 | D:9      | Found a glowing golden altar of the Shining One.
  9118 | D:9      | 9118 ||| READING 2 scrolls of enchant weapon.
  9118 | D:9      | 9118 ||| ENCHANTING +0 orcbow.
  9119 | D:9      | 9119 ||| READING scroll of enchant weapon.
  9119 | D:9      | 9119 ||| ENCHANTING +1 orcbow.
  9214 | D:9      | Reached skill level 9 in Fighting
  9318 | D:9      | 9318 ||| INVOKING Heroism.
  9319 | D:9      | 9319 ||| Stepping ~*~*~tactically~*~*~ (outnumbered).
  9676 | D:9      | Found a blossoming altar of Fedhas.
  9699 | D:9      | Noticed an oklob plant
  9700 | D:9      | 9700 ||| INVOKING Heroism.
  9701 | D:9      | 9701 ||| READING scroll labelled LOTIZX RAMU.
  9736 | D:9      | 9736 ||| INVOKING Heroism.
  9748 | D:9      | Killed an oklob plant
  9800 | D:9      | 9800 ||| READING 3 scrolls of identify.
  9800 | D:9      | 9800 ||| IDENTIFYING orange potion
  9817 | D:10     | Entered Level 10 of the Dungeon
  9835 | D:10     | Noticed a centaur warrior
  9842 | D:10     | 9842 ||| INVOKING Heroism.
  9844 | D:10     | Killed a centaur warrior
  9845 | D:10     | Reached skill level 14 in Ranged Weapons
  9885 | D:10     | 9885 ||| INVOKING Heroism.
  9979 | D:10     | Found a flagged portal.
 10088 | D:10     | Found a basalt altar of Yredelemnul.
 10207 | D:10     | Found a bloodstained altar of Trog.
 10455 | D:10     | Found a staircase to the Lair.
 10473 | D:10     | Found a sparkling altar of Nemelex Xobeh.
 10546 | D:10     | 10546 ||| PLANNING LAIR
 10567 | Lair:1   | Entered Level 1 of the Lair of Beasts
 10578 | Lair:1   | Reached *** piety under Okawaru
 10603 | Lair:1   | Reached XP level 11. HP: 93/99 MP: 13/13
 10654 | Lair:1   | 10654 ||| INVOKING Heroism.
 10674 | Lair:1   | 10674 ||| INVOKING Heroism.
 10697 | Lair:1   | HP: 18/99 [elephant (7)]
 10698 | Lair:1   | 10698 ||| READING scroll of teleportation.
 10698 | Lair:1   | HP: 7/99 [elephant (8)]
 10701 | Lair:1   | Reached skill level 6 in Dodging
 10719 | Lair:1   | 10719 ||| INVOKING Heroism.
 10728 | Lair:1   | HP: 9/99 [elephant (4)]
 10731 | Lair:1   | Slain by an elephant

Levels and vault maps discovered:
D:1:      saegor_arrival_simple_c, layout_basic,
          shapermc_ecumenical_altar_mp_ritualfount,
          chequers_serial_rivers_micro_c, hangedman_decor_riveting,
          chequers_serial_rivers_marsh
D:2:      layout_loops_ring, serial_shops, nicolae_book_shop_shelving,
          kennysheep_nub, skrybe_limestone_x
D:3:      layout_loops_cross
D:4:      layout_loops_ring, dk_xom_monty_hall, portal_sewer_entry_e
D:5:      nicolae_cairo_tiling_large_dashed, layout_cave_pools
D:6:      layout_gridville, temple_pool_b, minmay_stone_trees_small,
          minmay_misc_feat_enclosed, chequers_jeans, kennysheep_big_empty_room
D:7:      layout_basic, nicolae_qazlal_eye_of_the_storm,
          minmay_misc_feat_ornament, minmay_shop_grid_forest,
          supply_closet_lemuel, uniq_prince_ribbit1, uniq_pikel, uniq_joseph
D:8:      layout_gridville, kennysheep_small_spiral, grunt_livestock
D:9:      layout_loops_corners, tso_oasis_becter,
          mainiacjoe_overflow_six_doors_small, tgw_fedhas,
          minmay_tree_intersection, serial_park_tiny_pond
D:10:     layout_loops_ring, mainiacjoe_overflow_tiny_flanked,
          mainiacjoe_overflow_swirl, lair_entry_dummy, enter_bailey_6
Temple:   nicolae_temple_great_sept
Lair:1:   dragon1_lemuel, layout_loops_ring, gammafunk_ghost_necromancy,
          patterned_corridor

Skill      XL: |  1  2  3  4  5  6  7  8  9 10 11 |
---------------+----------------------------------+-----
Ranged Weapons | 3 4 5 6 7 9 10 12 14 | 14.1
Fighting       | 2 3 4 5 7 9 10 | 10.0
Armour         | 1 2 5 |  5.4
Dodging        | 3 4 5 6 |  6.1
Invocations    | 3 4 |  4.0
Spellcasting   | |  1.0
Hexes          | |  2.0

Action                     |  1- 3 |  4- 6 |  7- 9 | 10-12 || total
---------------------------+-------+-------+-------+-------++-------
   Fire: Sling             |   133 |   179 |   117 |       ||   429
         Shortbow          |       |       |   235 |       ||   235
         Orcbow            |       |       |    90 |   321 ||   411
 Invoke: Heroism           |       |       |     5 |    12 ||    17
    Use: Scroll            |     6 |     5 |     7 |     6 ||    24
         Potion            |       |     2 |     4 |     2 ||     8
 Armour: Ring mail         |    14 |    39 |   119 |   135 ||   307
         Robe              |     1 |       |       |       ||     1
         Skin              |       |       |    11 |       ||    11
  Dodge: Dodged            |    41 |    53 |   149 |   184 ||   427

Table legend:
 A = Non-vault XP
 B = Vault XP
 C = Vault XP percentage of total XP
 D = Non-vault monster count
 E = Vault monster count
 F = Vault count percentage of total count
                 A         B        C        D         E       F
            +---------+---------+-------+---------+---------+-------
      Total |    9497 |    3034 |  24.2 |     211 |      19 |   8.3
            +---------+---------+-------+---------+---------+-------
        D:1 |      17 |       0 |   0.0 |       8 |       0 |   0.0
        D:2 |      49 |       0 |   0.0 |      20 |       0 |   0.0
        D:3 |     173 |       0 |   0.0 |      28 |       0 |   0.0
        D:4 |     283 |      95 |  25.1 |      18 |      10 |  35.7
        D:5 |     815 |       0 |   0.0 |      16 |       0 |   0.0
        D:6 |     911 |     419 |  31.5 |      25 |       1 |   3.8
        D:7 |    1052 |     919 |  46.6 |      22 |       2 |   8.3
        D:8 |    1756 |    1014 |  36.6 |      32 |       5 |  13.5
        D:9 |    1290 |     587 |  31.3 |      24 |       1 |   4.0
       D:10 |    1449 |       0 |   0.0 |      12 |       0 |   0.0
     Lair:1 |    1702 |       0 |   0.0 |       6 |       0 |   0.0
            +---------+---------+-------+---------+---------+-------
